 Dungeon Crawl Stone Soup version 0.26-a0-540-g8a0c9464d7 (webtiles) character file.

Game seed: 17147726333819833273

14847 kobby the Carver (level 11, -9/87 HPs)
             Began as a Demonspawn Gladiator on Aug 24, 2020.
             Was a High Priest of Okawaru.
             Mangled by a cyan ugly thing (15 damage)
             ... on level 12 of the Dungeon.
             The game lasted 00:27:33 (9989 turns).

kobby the Carver (Demonspawn Gladiator)             Turns: 9989, Time: 00:27:34

Health: -9/87      AC:  8    Str: 16    XL:     11   Next: 94%
Magic:  0/11       EV: 18    Int:  9    God:    Okawaru [*****.]
Gold:   490        SH:  0    Dex: 23    Spells: 10/10 levels left

rFire    . . .     SeeInvis .   w - +4 scimitar (elec)
rCold    . . .     Faith    .   (no shield)
rNeg     . . .     Spirit   +   i - +0 troll leather armour
rPois    .         Reflect  .   (helmet restricted)
rElec    .         Harm     .   (no cloak)
rCorr    +                      f - +2 pair of gloves
MR       .....                  (no boots)
Stlth    +++.......             (no amulet)
HPRegen  0.64/turn              o - ring of resist corrosion
MPRegen  0.24/turn              C - +6 ring of dexterity

@: hasted, very quick
A: claws 2, horns 1, magic shield, magic regeneration
a: Heroism, Finesse, Renounce Religion


You were on level 12 of the Dungeon.
You worshipped Okawaru.
Okawaru was extremely pleased with you.
You visited 2 branches of the dungeon, and saw 13 of its levels.

You collected 854 gold pieces.
You spent 364 gold pieces at shops.

Inventory:

Hand Weapons
 a - a +0 long sword
 j - a +1 scimitar of flaming
 w - a +4 scimitar of electrocution (weapon)
Missiles
 d - 3 throwing nets (quivered)
Armour
 b - a +0 leather armour
 c - a +0 helmet
 f - a +2 pair of gloves (worn)
 i - a +0 troll leather armour (worn)
 K - the +2 leather armour "Mamiaroi" {rCorr}
   (You bought it in a shop on level 11 of the Dungeon)

   It provides partial protection from all sources of acid and corrosion.
Jewellery
 h - an uncursed amulet of faith
 o - a ring of resist corrosion (left hand)
 s - an uncursed ring of ice
 C - a +6 ring of dexterity (right hand)
 F - an uncursed ring of stealth
Wands
 y - a wand of acid (8)
 D - a wand of flame (18)
 E - a wand of paralysis (2)
 I - a wand of random effects (22)
 L - a wand of iceblast (8)
 N - a wand of polymorph (4)
Scrolls
 g - 3 scrolls of identify
 l - 4 scrolls of teleportation
 m - 5 scrolls of amnesia
 n - 2 scrolls of noise
 r - 5 scrolls of remove curse
 t - 3 scrolls of magic mapping
 A - 2 scrolls of fog
 G - 2 scrolls of enchant armour {unknown}
 H - 2 scrolls of fear {unknown}
 M - a scroll of enchant weapon
Potions
 e - a potion of degeneration {unknown}
 k - a potion of ambrosia
 p - a potion of might
 q - a potion of brilliance
 u - 2 potions of flight {unknown}
 v - a potion of haste
 x - 4 potions of stabbing {unknown}
 z - a potion of resistance {unknown}
 B - 2 potions of lignification {unknown}
 J - a potion of mutation {unknown}


   Skills:
 + Level 8.7 Fighting
 + Level 12.7 Long Blades
 + Level 1.8 Throwing
 + Level 5.2 Armour
 + Level 7.4 Dodging
 + Level 4.8 Stealth
 + Level 1.3 Evocations


You had 10 spell levels left.
You didn't know any spells.
Your spell library contained the following spells:

 Spells                   Type           Power        Failure   Level
 Animate Skeleton         Necr           #.....       43%         1
 Freeze                   Ice            #...         43%         1
 Pain                     Necr           #...         43%         1
 Confusing Touch          Hex            #.......     82%         3
 Frozen Ramparts          Ice            #.....       82%         3
 Gell's Gravitas          Tloc           #.........   82%         3
 Ozocubu's Armour         Ice            #.......     82%         3
 Vampiric Draining        Necr           #.........   82%         3
 Animate Dead             Necr           #.........   99%         4
 Hailstorm                Conj/Ice       #.......     99%         4
 Petrify                  Tmut/Erth      #.......     99%         4
 Summon Ice Beast         Ice/Summ       #.......     99%         4
 Agony                    Necr           #.......     100%        5
 Metabolic Englaciation   Hex/Ice        #.........   100%        5
 Yara's Violent Unravell  Hex/Tmut       #.........   100%        5


Dungeon Overview and Level Annotations

Branches:
Dungeon (12/15)            Temple (1/1) D:5            Lair (0/6) D:9
    Orc (0/2) D:11

Altars:
Ashenzari
Cheibriados
Dithmenos
Elyvilon
Fedhas
Gozag
Hepliaklqana
Kikubaaqudgha
Makhleb
Nemelex Xobeh
Okawaru
Qazlal
Ru
Sif Muna
Trog
Uskayaw
Vehumet
Wu Jian
Xom
Yredelemnul
Zin
The Shining One

Shops:
D:4 ((   D:11 ?[(?:


Innate Abilities, Weirdness & Mutations

You have very sharp fingernails.
You have a pair of small horns on your head.
When hurt, damage is shared between your health and your magic reserves.
You regenerate magic rapidly.


Message History

The cyan ugly thing shocks you!
You closely miss the cyan ugly thing. The cyan ugly thing tentacle-slaps you!
The cyan ugly thing shocks you!
* * * LOW HITPOINT WARNING * * *
You barely miss the cyan ugly thing. You headbutt the cyan ugly thing.
The cyan ugly thing is lightly wounded.
You slash the cyan ugly thing!
The cyan ugly thing is moderately wounded.
The cyan ugly thing tentacle-slaps you but does no damage.
You hit the cyan ugly thing.
You headbutt the cyan ugly thing, but do no damage.
The cyan ugly thing is moderately wounded.
The cyan ugly thing tentacle-slaps you.
* * * LOW HITPOINT WARNING * * *
The cyan ugly thing shocks you!
* * * LOW HITPOINT WARNING * * *
You feel yourself speed up. The cyan ugly thing tentacle-slaps you!
* * * LOW HITPOINT WARNING * * *
The cyan ugly thing shocks you!
You die...

....#......# #...#
....#...†††# #...#
....###....# #...#
......#....# #...#
......#....# #...#
......'....# #...#
......#....# #...#
...####....###++#+#...#
...# .........u@!....#
.## .................#
. .....................
..............#######
............#
..........# ..........#
###########


You could see a cyan ugly thing.

Vanquished Creatures
  Fannar (D:10)
  Erica (D:8)
  Sonja (D:10)
  An unseen horror (D:11)
  Pikel (D:4)
  A manticore (D:12)
  A gargoyle (D:10)
  A centaur skeleton (D:11)
  5 hippogriffs
  A shadow (D:11)
  26 yaks
  Grum (D:9)
  A water moccasin (D:10)
  An ice beast (D:8)
  7 sky beasts
  8 orc warriors
  7 ogres
  4 phantoms
  3 wolves (D:9)
  2 centaurs (D:10)
  A necrophage (D:8)
  7 bullfrogs
  2 big kobolds (D:7)
  A water moccasin zombie (D:10)
  2 scorpions
  5 killer bees (D:11)
  3 howler monkeys
  11 wights
  5 centaur zombies
  4 hounds
  3 jellies
  11 orc priests
  3 bullfrog skeletons
  5 iguanas
  Terence (D:3)
  11 orc wizards
  6 worker ants
  A killer bee zombie (D:7)
  A hound skeleton (D:5)
  3 gnolls (D:8)
  A howler monkey skeleton (D:8)
  10 adders
  A shadow imp (D:10)
  2 white imps
  An ufetubus (D:6)
  An ooze (D:2)
  An adder zombie (D:2)
  An adder skeleton (D:2)
  A worm (D:3)
  4 dart slugs
  A leopard gecko (D:6)
  55 orcs
  9 bats
  2 giant cockroaches (D:3)
  17 goblins
  11 hobgoblins
  18 jackals
  20 kobolds
  8 quokkas
  2 ball pythons
  7 frilled lizards
  A jackal skeleton (D:2)
  2 leopard gecko skeletons (D:2)
  10 rats
346 creatures vanquished.

Notes
Turn   | Place    | Note
-------+----------+-------------------------------------------
     0 | D:1      | kobby the Demonspawn Gladiator began the quest for the Orb.
     0 | D:1      | Reached XP level 1. HP: 16/16 MP: 1/1
   167 | D:1      | Gained mutation: When hurt, damage is shared between your
                  | health and your magic reserves. [demonic ancestry]
   167 | D:1      | Reached XP level 2. HP: 22/22 MP: 2/2
   192 | D:1      | Reached skill level 3 in Long Blades
   779 | D:1      | Gained mutation: You regenerate magic rapidly. [demonic
                  | ancestry]
   779 | D:1      | Reached XP level 3. HP: 27/27 MP: 3/3
   854 | D:1      | Reached skill level 1 in Armour
  1421 | D:2      | Reached XP level 4. HP: 33/33 MP: 4/4
  2068 | D:3      | Reached XP level 5. HP: 29/40 MP: 3/5
  2078 | D:3      | Reached skill level 4 in Long Blades
  2390 | D:3      | Noticed Terence
  2411 | D:3      | Killed Terence
  2411 | D:3      | Reached XP level 6. HP: 33/47 MP: 4/6
  3261 | D:4      | Found Byklitz's Antique Weapon Shoppe.
  3350 | D:4      | Found Nahov's Antique Weapon Emporium.
  3355 | D:4      | Bought a glowing scimitar for 168 gold pieces
  3580 | D:5      | Entered Level 5 of the Dungeon
  3583 | D:5      | Noticed a sky beast
  3592 | D:5      | Killed a sky beast
  3592 | D:5      | Reached skill level 5 in Long Blades
  3664 | D:5      | Noticed Pikel
  3695 | D:4      | Killed Pikel
  3695 | D:4      | Reached skill level 6 in Long Blades
  3695 | D:4      | Reached skill level 1 in Stealth
  3695 | D:4      | Reached XP level 7. HP: 54/54 MP: 5/7
  3753 | D:5      | Gained mutation: You have sharp fingernails. [demonic
                  | ancestry]
  3753 | D:5      | Reached XP level 8. HP: 39/60 MP: 0/8
  4148 | D:5      | Reached skill level 7 in Long Blades
  4188 | D:5      | Found a staircase to the Ecumenical Temple.
  4206 | Temple   | Entered the Ecumenical Temple
  4346 | Temple   | Became a worshipper of Warmaster Okawaru
  4656 | D:6      | Reached skill level 5 in Dodging
  4683 | D:6      | Reached skill level 5 in Fighting
  5037 | D:6      | Found a sparkling altar of Nemelex Xobeh.
  5275 | D:7      | Reached * piety under Okawaru
  5275 | D:7      | Gained mutation: You have very sharp fingernails. [demonic
                  | ancestry]
  5275 | D:7      | Reached XP level 9. HP: 61/68 MP: 6/9
  5300 | D:7      | Reached skill level 8 in Long Blades
  5441 | D:7      | Reached ** piety under Okawaru
  5801 | D:8      | Reached skill level 9 in Long Blades
  6242 | D:8      | Reached *** piety under Okawaru
  6280 | D:8      | Found a sparkling altar of Nemelex Xobeh.
  6427 | D:8      | Noticed Erica
  6438 | D:8      | HP: 1/69 [something/lance of force (28)]
  6710 | D:8      | Killed Erica
  6710 | D:8      | Reached skill level 10 in Long Blades
  6710 | D:8      | Gained mutation: You have a pair of small horns on your
                  | head. [demonic ancestry]
  6710 | D:8      | Reached XP level 10. HP: 35/76 MP: 3/10
  7047 | D:9      | Received a gift from Okawaru
  7232 | D:9      | Found a staircase to the Lair.
  7367 | D:9      | Noticed Grum
  7396 | D:9      | Killed Grum
  7396 | D:9      | Reached **** piety under Okawaru
  7672 | D:10     | Entered Level 10 of the Dungeon
  8019 | D:10     | Noticed Sonja
  8020 | D:10     | Noticed Fannar
  8027 | D:10     | Killed Sonja
  8027 | D:10     | Reached ***** piety under Okawaru
  8027 | D:10     | Reached skill level 11 in Long Blades
  8032 | D:10     | Killed Fannar
  8032 | D:10     | Received a gift from Okawaru
  8032 | D:10     | Reached skill level 5 in Armour
  8412 | D:10     | Reached XP level 11. HP: 84/84 MP: 11/11
  8675 | D:10     | Found a shadowy altar of Dithmenos.
  8726 | D:11     | Found Yvvu's Book Shop.
  8728 | D:11     | Reached skill level 1 in Evocations
  8740 | D:11     | Found Oddad's Weapon Shop.
  8765 | D:11     | Found Xavi's Magic Scroll Emporium.
  8782 | D:11     | Found Jothask's Antique Armour Emporium.
  8787 | D:11     | Bought a scorched leather armour for 196 gold pieces
  8787 | D:11     | Identified the +2 leather armour "Mamiaroi" {rCorr} (You
                  | bought it in a shop on level 11 of the Dungeon)
  9101 | D:11     | Found a staircase to the Orcish Mines.
  9133 | D:11     | Found Isusam Eham's Magic Scroll Shop.
  9198 | D:11     | Killed an unseen horror
  9198 | D:11     | Reached skill level 12 in Long Blades
  9446 | D:11     | Received a gift from Okawaru
  9979 | D:12     | Noticed a cyan ugly thing
  9989 | D:12     | Mangled by a cyan ugly thing

Illustrated notes

Levels and vault maps discovered:
D:1:      shiori_arrival_elements, layout_loops_ring
D:2:      layout_basic, serial_undead, serial_undead_c, serial_undead_e,
          serial_undead_c, serial_undead_a
D:3:      layout_loops_ring, uniq_terence
D:4:      layout_basic, serial_corexii_hall, corexii_hall_statues_i,
          corexii_hall_statues_l, serial_shops, shop, nicolae_shop_behind_doors
D:5:      layout_cave_pools, minmay_temple_entry_offerings, uniq_pikel
D:6:      layout_loops_ring, nemelex_lonely_heart_becter
D:7:      layout_rooms
D:8:      layout_basic, nicolae_overflow_hidden_temple, uniq_erica
D:9:      layout_irregular_city, lair_entry_dummy, uniq_grum
D:10:     layout_cave_pools, grunt_dithmenos_shadows, uniq_sonja, uniq_fannar
D:11:     layout_rooms, david_orc_4, serial_shops, shop, shop, shop,
          nicolae_shop_window_shopping, nicolae_shop_behind_doors
D:12:     layout_irregular_city, tso_altar
Temple:   roderic_octagonal_lattice_temple

Skill      XL: |  1  2  3  4  5  6  7  8  9 10 11 |
---------------+----------------------------------+-----
Dodging        | 3 4 5 6 7 |  7.4
Long Blades    | 3 4 6 7 10 11 12 | 12.7
Armour         | 1 3 4 5 |  5.2
Fighting       | 3 4 5 6 7 8 |  8.7
Stealth        | 1 2 4 |  4.8
Evocations     | 1 |  1.3
Throwing       | |  1.8

Action                   |  1- 3 |  4- 6 |  7- 9 | 10-12 || total
-------------------------+-------+-------+-------+-------++-------
Melee: Long sword        |   120 |   219 |       |       ||   339
       Scimitar          |       |    15 |   265 |   332 ||   612
       Headbutt          |       |       |       |    98 ||    98
Evoke: Wand              |       |       |       |     8 ||     8
  Use: Potion            |       |     6 |     6 |     6 ||    18
       Scroll            |       |     3 |    13 |     3 ||    19
 Stab: Sleeping          |     2 |     1 |     4 |    11 ||    18
       Distracted        |       |       |     1 |       ||     1
Armor: Leather armour    |    14 |       |       |       ||    14
       Troll leather arm |    18 |    84 |    75 |    71 ||   248
Dodge: Dodged            |    96 |   209 |   168 |   262 ||   735
       Rpst.: Long sword |    28 |    63 |       |       ||    91
       Scimitar          |       |     2 |    59 |    67 ||   128

Table legend: (Time is in decaauts)
 A = Elapsed time spent in this place.
 B = Non-inter-level travel time spent in this place.
 C = Inter-level travel time spent in this place.
 D = Time resting spent in this place.
 E = Time spent auto-exploring this place.
 F = Levels seen in this place.
 G = Mean time per level.
                   A        B        C        D        E       F      G
               +--------+--------+--------+--------+--------+-----+--------+
         Total |   9965 |   9934 |     31 |   1247 |   6026 |  13 |  766.5 |
       Dungeon |   9731 |   9719 |     12 |   1247 |   5818 |  12 |  810.9 |
        Temple |    233 |    214 |     19 |      0 |    208 |   1 |  233.0 |
               +--------+--------+--------+--------+--------+-----+--------+

Top non-repeatable levels by time:
     D:1: 1275 daAuts
    D:10: 1031 daAuts
     D:8: 1007 daAuts
    D:11: 916 daAuts
     D:3: 892 daAuts
     D:4: 827 daAuts
     D:9: 750 daAuts
     D:5: 746 daAuts
     D:2: 733 daAuts
     D:6: 649 daAuts
     D:7: 618 daAuts
    D:12: 281 daAuts
  Temple: 233 daAuts
